 Dungeon Crawl Stone Soup version 0.26.1-15-g04117e645d (webtiles) character file.

Game seed: 18283146314232666985

2333 sneakypete the Cleaver (level 9, -8/75 HPs)
             Began as a Minotaur Gladiator on Jan 10, 2023.
             Was a Follower of Fedhas.
             Collided with an ufetubus (11 damage)
             ... caused by a wretched star
             ... on level 1 of the Abyss on Jan 11, 2023.
             The game lasted 01:08:44 (7032 turns).

sneakypete the Cleaver (Minotaur Gladiator)         Turns: 7032, Time: 01:08:44

Health: -8/75      AC: 14    Str: 18 (19) XL:     9   Next: 19%
Magic:  8/8        EV:  8    Int: -3 (1)  God:    Fedhas [*.....]
Gold:   250        SH: 12    Dex: 15      Spells: 8/8 levels left

rFire    + . .     SeeInvis .   a - +1 war axe
rCold    . . .     Faith    .   S - +2 buckler
rNeg     . . .     Spirit   .   i - +0 plate armour
rPois    .         Reflect  +   c - +0 hat
rElec    .         Harm     .   (no cloak)
rCorr    .         Rampage  .   (no gloves)
Will     .....     Rnd*Rage +   V - +0 pair of boots
Stlth    ..........             P - amulet of reflection
HPRegen  0.00/turn              y - ring of protection from fire
MPRegen  0.11/turn              (no ring)

@: mighty, lethally poisoned (-8 -> -23), weakened, non-regenerating, diseased,
slowed, lost intelligence, very slow
A: retaliatory headbutt, horns 2, agile 1, [berserk 2], blurry vision 1[+2],
[deterioration 2], [dopey 2], weak 1
a: Renounce Religion


You were on level 1 of the Abyss.
You worshipped Fedhas.
Fedhas was aware of your devotion.
You visited 2 branches of the dungeon, and saw 8 of its levels.
You visited the Abyss 1 time.

You collected 406 gold pieces.
You spent 108 gold pieces at shops.
You donated 23 gold pieces to Zin.
You paid 25 gold pieces to Gozag.

Inventory:

Hand Weapons
 a - a +1 war axe (weapon)
 f - a +0 shortbow
 g - a +0 rapier
 h - a +0 battleaxe
 k - a +0 long sword
 l - a +0 dagger of freezing
 q - a +2 whip of draining
 N - a +0 morningstar
Missiles
 d - 3 throwing nets (quivered)
 j - 62 arrows
 u - 180 stones
 x - 6 atropa-tipped darts
 Q - 28 poisoned darts
Armour
 b - a +0 leather armour
 c - a +0 hat (worn)
 i - a +0 plate armour (worn)
 m - a +1 chain mail of poison resistance
 z - a +0 plate armour
 A - a +1 ring mail
 S - a +2 buckler (worn)
 V - a +0 pair of boots (worn)
Jewellery
 e - an uncursed amulet of the acrobat
 p - an uncursed ring of magical power {unknown}
 y - a ring of protection from fire (left hand)
 G - an uncursed amulet of guardian spirit {unknown}
 H - an uncursed ring of flight
 P - an amulet of reflection (around neck)
 R - an uncursed ring of fire
 T - an uncursed amulet of the acrobat
Scrolls
 n - a scroll of enchant armour
 o - a scroll of magic mapping
 s - 2 scrolls of amnesia
 t - a scroll of immolation {unknown}
 B - a scroll of torment {unknown}
 C - 4 scrolls of identify
 K - 3 scrolls of teleportation
Potions
 r - a potion of berserk rage
 v - a potion of haste
 w - a potion of brilliance
 E - a potion of lignification
 F - 3 potions of flight {unknown}
 I - a potion of might
 M - a potion of mutation


   Skills:
 + Level 5.8 Fighting
 + Level 9.9 Axes
 + Level 2.0 Throwing
 + Level 6.4 Armour
 + Level 5.2 Dodging
 + Level 1.7 Stealth
 + Level 5.4 Shields


You had 8 spell levels left.
You didn't know any spells.
Your spell library was empty.

Dungeon Overview and Level Annotations

Branches:
Dungeon (7/15)             Temple (1/1) D:4

Altars:
Ashenzari
Cheibriados
Dithmenos
Fedhas
Gozag
Kikubaaqudgha
Okawaru
Qazlal
Ru
Sif Muna
Trog
Uskayaw
Vehumet
Wu Jian
Xom
Yredelemnul
Zin
The Shining One

Shops:
D:5 [


Innate Abilities, Weirdness & Mutations

You reflexively headbutt those who attack you in melee.
You have a pair of horns on your head.
You are agile. (Dex +2)
You are weak. (Str -2)
[You often lose your temper in combat.]
[Scrolls take you much longer to read.]
[Your body often deteriorates upon taking damage.]
[You are very dopey. (Int -4)]


Message History

You hit the ufetubus. You hit the ynoxinul. You hit the thrashing horror.
You hit the glowing orange brain.
You kill the glowing orange brain!
Fedhas accepts your kill.
The thrashing horror dissolves into shadows!
The ancient zyme dissolves into shadows!
The thrashing horror dissolves into shadows!
You feel sick. The ufetubus closely misses you.
You block the ufetubus's attack.
The orange demon stings you but does no damage.
The orange demon hits you but does no damage.
You block the ynoxinul's attack.
The wretched star glows turbulently.
The lance of force hits you!
* * * LOW HITPOINT WARNING * * *
Your body deteriorates!
You feel dopey.
You are knocked back by the lance of force.
You collide with the ufetubus!
You die...
Fedhas appreciates your contribution to the ecosystem.

# # # ..#
.##.# #.#
... . ..
#..# .. .# #
###....##..
.. .#
###....#..#
. # #.
#..###.. ..
#.
#..##.###...
.
..#.##....#
.. # #
#5.#.....# #
.
...#3@4....#
##
#55#*.#.##
...##.###
#.## .# .. #
.. ## #


You could see a wretched star, an orange demon, a ynoxinul and 3 ufetubi.

Vanquished Creatures
  A glowing orange brain (Abyss:1)
  A centaur zombie (D:7)
  A smoke demon (Abyss:1)
  A steam dragon (D:7)
  2 orc warriors (D:6)
  2 phantoms
  2 ice beasts (D:6)
  A sky beast (D:7)
  3 ogres (D:6)
  2 centaurs (D:6)
  A jelly (D:6)
  4 orc wizards
  2 orc priests
  2 worker ants
  Natasha (D:4)
  2 iguanas (D:4)
  A hound skeleton (D:4)
  5 adders
  2 shadow imps (D:5)
  An ufetubus (D:5)
  An adder skeleton (D:6)
  2 worms (D:3)
  A dart slug (D:1)
  4 leopard geckos
  18 orcs
  3 ball pythons
  A giant cockroach (D:7)
  7 goblins
  12 hobgoblins
  3 jackals (D:5)
  A quokka (D:5)
  2 bats
  4 frilled lizards
  7 kobolds
  A leopard gecko skeleton (D:2)
  11 rats
115 creatures vanquished.

Vanquished Creatures (others)
  A plant (D:2)
1 creature vanquished.

Grand Total: 116 creatures vanquished

Notes
Turn   | Place    | Note
-------+----------+-------------------------------------------
     0 | D:1      | sneakypete the Minotaur Gladiator began the quest for the
                  | Orb.
     0 | D:1      | Reached XP level 1. HP: 18/18 MP: 0/0
   255 | D:1      | Reached skill level 4 in Axes
   255 | D:1      | Reached XP level 2. HP: 25/25 MP: 1/1
  1095 | D:1      | Reached XP level 3. HP: 24/30 MP: 2/2
  1505 | D:2      | Reached skill level 1 in Armour
  1713 | D:2      | Found a hide-covered altar of Uskayaw.
  2258 | D:3      | Reached XP level 4. HP: 38/38 MP: 3/3
  2758 | D:3      | Found an opulent altar of Gozag.
  2785 | D:3      | Became a worshipper of Gozag Ym Sagoz the Greedy
  2859 | D:3      | Reached skill level 5 in Axes
  3567 | D:4      | Got a shimmering hand axe
  3568 | D:4      | Identified the cursed +0 hand axe of Gallantry {drain, rC+
                  | Int+4} (You found it on level 4 of the Dungeon)
  3622 | D:4      | Reached XP level 5. HP: 45/45 MP: 4/4
  3626 | D:4      | Gained mutation: You are weak. (Str -2) [potion of
                  | mutation]
  3626 | D:4      | Gained mutation: [Scrolls take you a little longer to
                  | read.] [potion of mutation]
  3626 | D:4      | Gained mutation: You are agile. (Dex +2) [potion of
                  | mutation]
  3629 | D:4      | Noticed a phantom
  3641 | D:4      | Killed a phantom
  3642 | D:4      | Reached skill level 1 in Shields
  3642 | D:4      | Reached XP level 6. HP: 32/51 MP: 5/5
  3811 | D:4      | Found a staircase to the Ecumenical Temple.
  3819 | Temple   | Entered the Ecumenical Temple
  3859 | Temple   | Fell from the grace of Gozag
  3859 | Temple   | Became a worshipper of Zin the Law-Giver
  3859 | Temple   | Reached * piety under Zin
  3943 | D:4      | Was placed under penance by Zin
  3949 | D:4      | Was forgiven by Zin
  3950 | D:4      | Noticed Natasha
  3953 | D:4      | Was placed under penance by Zin
  3957 | D:4      | Killed Natasha
  3994 | D:4      | Reached skill level 6 in Axes
  4149 | D:5      | Entered Level 5 of the Dungeon
  4231 | D:5      | Found a blossoming altar of Fedhas.
  4345 | D:5      | Found Girrublo's Antique Armour Shop.
  4350 | D:5      | Bought a pair of boots for 108 gold pieces
  4673 | D:5      | Was forgiven by Zin
  4933 | D:5      | Fell from the grace of Zin
  4933 | D:5      | Became a worshipper of Fedhas Madash
  5127 | D:6      | Reached skill level 1 in Stealth
  5140 | D:6      | Reached XP level 7. HP: 24/58 MP: 6/6
  5167 | D:6      | Reached skill level 5 in Armour
  5297 | D:6      | Was forgiven by Gozag
  5297 | D:6      | Reached skill level 7 in Axes
  5506 | D:6      | Reached * piety under Fedhas
  5507 | D:6      | Reached XP level 8. HP: 44/67 MP: 7/7
  5650 | D:6      | Reached skill level 8 in Axes
  6050 | D:6      | Found an iron altar of Okawaru.
  6050 | D:6      | Found a glowing golden altar of the Shining One.
  6059 | D:6      | Found a snail-covered altar of Cheibriados.
  6068 | D:6      | Found a faded altar of an unknown god.
  6074 | D:6      | Found a faded altar of an unknown god.
  6554 | D:6      | Found a blossoming altar of Fedhas.
  6640 | D:7      | Reached skill level 5 in Fighting
  6640 | D:7      | Reached skill level 9 in Axes
  6640 | D:7      | Reached skill level 5 in Dodging
  6891 | D:7      | Reached skill level 5 in Shields
  6891 | D:7      | Reached XP level 9. HP: 67/74 MP: 8/8
  6896 | D:7      | Cast into level 1 of the Abyss (orc)
  6986 | Abyss:1  | Noticed a smoke demon
  6990 | Abyss:1  | Noticed a glowing orange brain
  7002 | Abyss:1  | Killed a smoke demon
  7021 | Abyss:1  | Noticed an orange demon
  7022 | Abyss:1  | Noticed a wretched star
  7026 | Abyss:1  | Lost intelligence.
  7028 | Abyss:1  | Noticed a thrashing horror
  7028 | Abyss:1  | Noticed an ancient zyme
  7028 | Abyss:1  | Noticed a thrashing horror
  7032 | Abyss:1  | Killed a glowing orange brain
  7032 | Abyss:1  | HP: 3/75 [wretched star/lance of force (17)]
  7032 | Abyss:1  | Collided with an ufetubus

Illustrated notes

Levels and vault maps discovered:
D:1:      evilmike_arrival_hilbert_curve, layout_loops_corners,
          chequers_serial_rivers_large_b
D:2:      cheibrodos_old_hovel, layout_loops_ring,
          eat_drink_and_be_merry_uskayaw, grunt_ministairs_8
D:3:      layout_basic, nzn_hepliaklqana_mist_gate,
          nicolae_overflow_crystal_walls
D:4:      layout_loops_ring, minmay_temple_entry_fiery, uniq_natasha
D:5:      layout_loops_ring, serial_shops, shop, fedhas_altar_1
D:6:      layout_basic, chequers_temple_overflow_minitemple,
          nicolae_overflow_hidden_temple, st_stairs_11, kennysheep_small_circle
D:7:      layout_loops_ring, minivault_10, nicolae_ru_sacrificial_ziggurat,
          uniq_menkaure
Temple:   nicolae_temple_no_exploring_needed
Abyss:1:  base:
D:6

Skill      XL: |  1  2  3  4  5  6  7  8 |
---------------+-------------------------+-----
Axes           | 4 5 6 7 9 |  9.9
Fighting       | 3 4 5 |  5.8
Armour         | 1 2 3 4 5 6 |  6.4
Dodging        | 4 5 |  5.2
Shields        | 1 2 3 5 |  5.4
Stealth        | 1 |  1.7
Throwing       | |  2.0

Action                   |  1- 3 |  4- 6 |  7- 9 || total
-------------------------+-------+-------+-------++-------
Melee: War axe           |    91 |    57 |   166 ||   314
       Headbutt          |     6 |    16 |    33 ||    55
       Hand axe          |       |    34 |       ||    34
  Use: Scroll            |       |    12 |       ||    12
       Potion            |       |     9 |     6 ||    15
Armor: Leather armour    |    14 |       |       ||    14
       Ring mail         |     2 |    21 |    18 ||    41
       Plate armour      |       |       |    54 ||    54
Dodge: Dodged            |    72 |    50 |    51 ||   173
Block: Buckler           |       |    27 |    95 ||   122
       Reflection        |       |     2 |     8 ||    10
